 Dungeon Crawl Stone Soup version 0.26.1-11-gd32895ea62 (webtiles) character file.

Game seed: 3753996441831255034

7416 buriedalive the Frost Mage (level 10, -14/69 HPs)
             Began as a Deep Elf Ice Elementalist on May 26, 2021.
             Was a Follower of Ashenzari.
             Demolished by an orc warrior
             ... wielding a +0 glaive
              (30 damage)
             ... in a bailey.
             The game lasted 00:26:03 (14476 turns).

buriedalive the Frost Mage (DEIE)                  Turns: 14476, Time: 00:26:04

Health: -14/69     AC:  7    Str:  5    XL:     10   Next: 93%
Magic:  11/19      EV: 23    Int: 24    God:    Ashenzari [*.....]
Gold:   513        SH:  5    Dex: 19    Spells: 6/19 levels left

rFire    + . .     SeeInvis .   D - +7 dagger "Wetraydgh" {flame, rPois Dex+4} (curse)
rCold    + . .     Faith    .   (no shield)
rNeg     . . .     Spirit   .   j - +2 leather armour {rF+}
rPois    +         Reflect  +   (no helmet)
rElec    .         Harm     .   f - scarf {shadows}
rCorr    .         Rampage  .   (no gloves)
Will     +....                  G - +1 pair of boots
Stlth    ++........             h - amulet of reflection (curse)
HPRegen  0.61/turn              r - ring of protection from cold (curse)
MPRegen  0.16/turn              s - +4 ring of evasion (curse)

@: berserk cooldown, very slightly contaminated, slowed, very slow
A: regeneration 1, robust 2, screaming 1
a: Renounce Religion, Curse Item, Scrying


You were in a bailey.
You worshipped Ashenzari.
Ashenzari was aware of your devotion.
You visited 2 branches of the dungeon, and saw 11 of its levels.
You also visited: Bailey.

You collected 513 gold pieces.

Inventory:

Hand Weapons
 e - a +1 rapier
 D - the cursed +7 dagger "Wetraydgh" (weapon) {flame, rPois Dex+4}
   (You found it on level 5 of the Dungeon)

   It has been specially enchanted to burn those struck by it, causing extra
   injury to most foes and up to half again as much damage against particularly
   susceptible opponents.
   It affects your dexterity (+4).
   It protects you from poison.
   It has a curse placed upon it.
Missiles
 c - 440 stones
 n - 54 poisoned darts
Armour
 d - a +0 cloak
 f - a scarf of shadows (worn)
 j - a +2 leather armour of fire resistance (worn)
 G - a +1 pair of boots (worn)
 J - a +0 pair of gloves
Magical Staves
 q - an uncursed staff of death
Jewellery
 h - a cursed amulet of reflection (around neck)
 m - an uncursed ring of positive energy
 r - a cursed ring of protection from cold (left hand)
 s - a cursed +4 ring of evasion (right hand)
 H - an uncursed ring of see invisible
Wands
 l - a wand of random effects (22)
 p - a wand of acid (10)
 u - a wand of iceblast (10)
 B - a wand of digging (6)
Scrolls
 g - 2 scrolls of teleportation
 v - a scroll of fear
 w - a scroll of magic mapping
 y - a scroll of fog
 A - a scroll of amnesia
 I - a scroll of torment {unknown}
Potions
 b - 2 potions of attraction
 i - a potion of resistance
 k - 3 potions of curing
 o - 3 potions of flight
 x - a potion of haste
 C - 4 potions of brilliance
 F - a potion of berserk rage
Miscellaneous
 t - a lightning rod (4/4)


   Skills:
 + Level 4.7 Fighting
 - Level 11.0 Dodging
 - Level 2.4 Stealth
 - Level 5.0 Spellcasting
 - Level 5.0 Summonings
 - Level 5.0 Translocations
 + Level 12.2 Ice Magic


You had 6 spell levels left.
You knew the following spells:

 Your Spells              Type           Power        Failure   Level
a - Freeze                Ice            100%         1%          1
b - Frozen Ramparts       Ice            64%          1%          3
c - Ozocubu's Armour      Ice            32%          1%          3
d - Summon Ice Beast      Ice/Summ       23%          4%          4
e - Blink                 Tloc           N/A          2%          2

Your spell library contained the following spells:

 Spells                   Type           Power        Failure   Level
 Call Imp                 Summ           15%          2%          2
 Gell's Gravitas          Tloc           7%           5%          3
 Hailstorm                Conj/Ice       17%          12%         4
 Magic Dart               Conj           12%          14%         1
 Portal Projectile        Hex/Tloc       18%          16%         3
 Slow                     Hex            3%           22%         2
 Metabolic Englaciation   Hex/Ice        8%           32%         5
 Confusing Touch          Hex            3%           41%         3
 Conjure Flame            Conj/Fire      3%           41%         3
 Mephitic Cloud           Conj/Pois/Air  3%           41%         3
 Petrify                  Tmut/Erth      3%           82%         4
 Sticky Flame             Conj/Fire      3%           82%         4
 Fireball                 Conj/Fire      1%           99%         5
 Yara's Violent Unravell  Hex/Tmut       1%           99%         5


Dungeon Overview and Level Annotations

Branches:
Dungeon (10/15)            Temple (1/1) D:7            Lair (0/6) D:10
    Orc (0/2) D:9          Bailey (1/1)

Altars:
Ashenzari
Cheibriados
Elyvilon
Fedhas
Gozag
Hepliaklqana
Kikubaaqudgha
Nemelex Xobeh
Okawaru
Ru
Trog
Vehumet
Wu Jian
Xom

Annotations:
D:10 Erica


Innate Abilities, Weirdness & Mutations

Your natural rate of healing is unusually fast.
You are very robust. (+20% HP)
You occasionally shout uncontrollably at your foes.


Message History

Deactivating autopickup; reactivate with Ctrl-A.
The orc knight roars a battlecry!
The orcs go into a battle-frenzy!
The orc knight reads a scroll.
Wisps of shadow swirl around the orc knight.
The orc hits you from afar with a +0 halberd!
* * * LOW HITPOINT WARNING * * *
The gnoll closely misses you.
The orc knight roars a battlecry!
The orcs go into a battle-frenzy!
You block the orc's attack.
The orc wizard points at itself and mumbles some strange words.
The orc wizard flickers and vanishes!
The orc cheers loudly.
The gnoll hits you.
* * * LOW HITPOINT WARNING * * *
The orc wizard hits you but does no damage.
The gnoll misses you.
The orc warrior hits you from afar with a +0 glaive!!
You die...

##### #######
....g###)..).##
.....o))).)...#
....og'ooo....+
..g...oooo.@..+
...o.o'.gogo..+
.....ooo.g....#
.....###.....##
##### #######


You could see 3 orc knights, an orc warrior (strong), 2 orc wizards, 4 gnolls
and 8 orcs.

Vanquished Creatures
  A cyclops (D:7)
  A troll (D:9)
  2 yaks (D:10)
  Sigmund (D:6)
  3 sky beasts
  An eye of draining (D:8)
  3 ice beasts
  14 orc warriors
  2 black bears
  7 ogres
  4 phantoms
  4 centaurs
  Blork the orc (D:5)
  11 bullfrogs
  A gnoll sergeant (D:7)
  A water moccasin zombie (D:8)
  A scorpion (D:10)
  A howler monkey (D:7)
  2 centaur zombies
  A quasit (D:7)
  2 bullfrog skeletons
  2 jellies (D:7)
  5 orc priests
  7 hounds
  19 orc wizards
  A centaur skeleton (D:10)
  2 gnoll shamans
  5 iguanas
  10 worker ants
  2 hound skeletons (D:7)
  9 gnolls (D:6)
  11 adders
  4 white imps
  2 ufetubi
  2 adder zombies (D:7)
  An ooze (D:2)
  An adder skeleton (D:9)
  2 worms
  A dart slug (D:1)
  2 leopard geckos
  43 orcs
  8 bats
  4 giant cockroaches
  14 goblins
  5 hobgoblins
  11 jackals
  5 quokkas
  2 ball pythons (D:4)
  5 frilled lizards
  A jackal zombie (D:7)
  6 kobolds
  A leopard gecko skeleton (D:4)
  2 leopard gecko zombies
  A quokka skeleton (D:4)
  8 rats
268 creatures vanquished.

Vanquished Creatures (others)
  5 fungi (D:10)
  19 plants
24 creatures vanquished.

Grand Total: 292 creatures vanquished

Notes
Turn   | Place    | Note
-------+----------+-------------------------------------------
     0 | D:1      | buriedalive the Deep Elf Ice Elementalist began the quest
                  | for the Orb.
     0 | D:1      | Reached XP level 1. HP: 10/10 MP: 6/6
   618 | D:1      | Reached XP level 2. HP: 15/15 MP: 8/8
  1242 | D:2      | Reached skill level 5 in Ice Magic
  1242 | D:2      | Reached XP level 3. HP: 19/19 MP: 7/9
  1394 | D:2      | Learned a level 3 spell: Frozen Ramparts
  1398 | D:2      | Learned a level 3 spell: Ozocubu's Armour
  2998 | D:3      | Found a blossoming altar of Fedhas.
  3137 | D:3      | Reached XP level 4. HP: 24/24 MP: 6/10
  4001 | D:4      | Reached XP level 5. HP: 28/28 MP: 7/11
  4087 | D:4      | Reached skill level 6 in Ice Magic
  4298 | D:4      | Reached skill level 5 in Dodging
  4728 | D:4      | Gained mutation: You occasionally shout uncontrollably at
                  | your foes. [potion of mutation]
  4728 | D:4      | Gained mutation: You are robust. (+10% HP) [potion of
                  | mutation]
  4728 | D:4      | Gained mutation: You are agile. (Dex +2) [potion of
                  | mutation]
  4728 | D:4      | Gained mutation: You evolve. [potion of mutation]
  4903 | D:4      | Reached XP level 6. HP: 28/35 MP: 9/12
  5685 | D:5      | Entered Level 5 of the Dungeon
  5719 | D:5      | Reached skill level 7 in Ice Magic
  5849 | D:5      | Reached XP level 7. HP: 39/39 MP: 1/13
  5878 | D:5      | Got a slimy dagger
  5879 | D:5      | Identified the +7 dagger "Wetraydgh" {flame, rPois Dex+4}
                  | (You found it on level 5 of the Dungeon)
  6659 | D:5      | Reached skill level 8 in Ice Magic
  6920 | D:5      | Noticed Blork the orc
  6926 | D:5      | Killed Blork the orc
  6927 | D:5      | Reached XP level 8. HP: 41/45 MP: 7/14
  7434 | D:6      | Noticed Sigmund
  7448 | D:6      | Killed Sigmund
  7449 | D:6      | Reached skill level 9 in Ice Magic
  7660 | D:6      | Identified the Compendium of the Blaze and Beguiling
  7696 | D:6      | Reached skill level 5 in Spellcasting
  8334 | D:6      | Learned a level 4 spell: Summon Ice Beast
  8337 | D:6      | Learned a level 2 spell: Blink
  8435 | D:6      | Reached XP level 9. HP: 42/49 MP: 16/18
  8489 | D:6      | Reached skill level 10 in Dodging
  8489 | D:6      | Reached skill level 1 in Summonings
  8521 | D:6      | Lost mutation: You are agile. (Dex +2) [potion of mutation]
  8521 | D:6      | Lost mutation: You evolve. [potion of mutation]
  8521 | D:6      | Gained mutation: Your natural rate of healing is unusually
                  | fast. [potion of mutation]
  8521 | D:6      | Gained mutation: You are very robust. (+20% HP) [potion of
                  | mutation]
  8554 | D:6      | Reached skill level 10 in Ice Magic
  8831 | D:6      | Found a bloodstained altar of Trog.
  9136 | D:7      | Noticed a cyclops
  9154 | D:7      | Killed a cyclops
  9490 | D:7      | Found an opulent altar of Gozag.
  9638 | D:7      | Reached skill level 1 in Fighting
  9659 | D:7      | Reached skill level 5 in Summonings
  9717 | D:7      | Found a staircase to the Ecumenical Temple.
  9769 | Temple   | Entered the Ecumenical Temple
  9807 | Temple   | Became a worshipper of Ashenzari the Shackled
  9843 | D:7      | Reached skill level 11 in Ice Magic
  9973 | D:7      | Found a sacrificial altar of Ru.
 10380 | D:7      | Reached XP level 10. HP: 55/63 MP: 19/19
 10746 | D:8      | Reached skill level 1 in Translocations
 11706 | D:8      | Identified the +12 short sword of Terra Nullius {flame,
                  | *Noise rPois rN+++ Int-5}
 12419 | D:9      | Reached * piety under Ashenzari
 13927 | D:9      | Found a staircase to the Orcish Mines.
 14063 | D:10     | Entered Level 10 of the Dungeon
 14100 | D:10     | Found a flagged portal.
 14117 | D:10     | Noticed Erica
 14221 | D:10     | Reached skill level 5 in Translocations
 14221 | D:10     | Reached skill level 12 in Ice Magic
 14250 | Bailey   | Entered a bailey
 14467 | Bailey   | Noticed an orc knight
 14468 | Bailey   | Noticed an orc knight
 14470 | Bailey   | Noticed an orc knight
 14476 | Bailey   | Demolished by an orc warrior

Illustrated notes

Levels and vault maps discovered:
D:1:      elethiomel_arrival_shortcut, layout_basic, serial_forest,
          infiniplex_forest_join, infiniplex_forest_end_double,
          infiniplex_forest_straight_4, infiniplex_forest_straight_4,
          infiniplex_forest_straight_2, minmay_crystal_room
D:2:      layout_basic, minmay_tromino_v4_a
D:3:      layout_rooms, marbit_many_paths
D:4:      layout_basic, serial_bayou_pond_d
D:5:      layout_loops_cross, uniq_blork_the_orc
D:6:      layout_basic, trog_hazing_becter, uniq_sigmund
D:7:      nzn_winding_woodlands_medium [nzn_winding_woodlands_5x5_three,
          nzn_winding_woodlands_5x15_pool, nzn_winding_woodlands_5x5_perimeter,
          nzn_winding_woodlands_5x5_closed_star,
          nzn_winding_woodlands_center_triple_pond,
          nzn_winding_woodlands_hourglass, nzn_winding_woodlands_5x5_cross,
          nzn_winding_woodlands_5x15_twine,
          nzn_winding_woodlands_5x5_open_star], layout_basic,
          minmay_temple_entry_arrows, basic_altar,
          nicolae_ru_the_path_less_chosen
D:8:      layout_basic, serial_rivers, chequers_serial_rivers_micro_b,
          chequers_serial_rivers_micro_a, chequers_serial_rivers_marsh,
          chequers_serial_rivers_room_b, chequers_serial_rivers_small_3,
          chequers_serial_rivers_micro_e, hangedman_decor_clover_reticule
D:9:      layout_layer_cave, erik_orc_2
D:10:     layout_roguey, grunt_lair_entry_orc_guard_hut, enter_bailey_5,
          minmay_joined_circles, uniq_erolcha, uniq_grum, uniq_erica
Temple:   compressed_dpeg_circular_temple
Bailey:   bailey_polearm_5, bailey

Skill      XL: |  1  2  3  4  5  6  7  8  9 10 |
---------------+-------------------------------+-----
Dodging        | 3 4 5 6 8 9 11 | 11.0
Ice Magic      | 5 6 7 8 9 11 12 | 12.2
Spellcasting   | 5 |  5.0
Summonings     | 5 |  5.0
Fighting       | 1 4 |  4.7
Translocations | 5 |  5.0
Stealth        | |  2.4

Action                   |  1- 3 |  4- 6 |  7- 9 | 10-12 || total
-------------------------+-------+-------+-------+-------++-------
Melee: Dagger            |    37 |     8 |   277 |   264 ||   586
       Rapier            |       |    53 |       |       ||    53
 Cast: Freeze            |    53 |    49 |    38 |    53 ||   193
       Frozen Ramparts   |       |     4 |    20 |    23 ||    47
       Ozocubu's Armour  |       |     3 |    22 |    21 ||    46
       Blink             |       |       |       |     1 ||     1
Invok: Curse Item        |       |       |       |     4 ||     4
  Use: Potion            |       |     3 |     2 |     7 ||    12
       Scroll            |       |     7 |    14 |     4 ||    25
 Stab: Sleeping          |     9 |     2 |     4 |     1 ||    16
       Distracted        |       |     1 |       |       ||     1
       Invisible         |       |       |       |     1 ||     1
Armor: Robe              |     9 |       |       |       ||     9
       Leather armour    |     4 |    15 |    39 |    40 ||    98
Dodge: Dodged            |    49 |    69 |   311 |   421 ||   850
Block: Other             |       |    13 |    80 |    95 ||   188
       Reflection        |       |       |     7 |     3 ||    10
